 Dungeon Crawl Stone Soup version 0.24.0-13-gcf9b319 (webtiles) character file.

Game seed: 841899389291607662, levelgen mode: deterministic

75 Fang the Skirmisher (level 4, -2/29 HPs)
             Began as a Gargoyle Berserker on Nov 11, 2019.
             Was a Believer of Trog.
             Slain by a goblin (5 damage)
             ... led by Robin
             ... on level 2 of the Dungeon.
             The game lasted 00:00:53 (1141 turns).

Fang the Skirmisher (Gargoyle Berserker)            Turns: 1141, Time: 00:00:54

Health: -2/29      AC:  5    Str: 21    XL:     4   Next: 31%
Magic:  4/4        EV: 12    Int:  8    God:    Trog [**....]
Gold:   25         SH:  0    Dex:  9    Spells: 3/3 levels left

rFire    . . .     SeeInvis .   a - +0 hand axe
rCold    . . .     Gourm    .   (no shield)
rNeg     + . .     Faith    .   b - +0 animal skin
rPois    ∞         Spirit   .   (no helmet)
rElec    +         Reflect  .   (no cloak)
rCorr    .         Harm     .   (no gloves)
MR       .....                  (no boots)
Stlth    +.........             (no amulet)
HPRegen  0.09/turn              (no ring)
MPRegen  0.09/turn              (no ring)

@: berserk cooldown, slowed, very slow
A: negative energy resistance 1, electricity resistance, unbreathing,
petrification resistance, rot immunity, AC +3
a: Berserk, Trog's Hand, Renounce Religion


You were on level 2 of the Dungeon.
You worshipped Trog.
Trog was pleased with you.
You were hungry.

You visited 1 branch of the dungeon, and saw 2 of its levels.

You collected 25 gold pieces.

Inventory:

Hand Weapons
 a - a +0 hand axe (weapon)
Armour
 b - a +0 animal skin (worn)
Jewellery
 e - an uncursed amulet of faith {unknown}
Wands
 g - a wand of polymorph (8)
Scrolls
 d - 2 scrolls of remove curse {unknown}
 i - a scroll of teleportation {unknown}
 j - a scroll of identify {unknown}
Potions
 h - a potion of lignification {unknown}
 k - a potion of agility {unknown}
Comestibles
 c - 2 rations
 f - 3 chunks of flesh


   Skills:
 + Level 4.0 Fighting
 + Level 3.2 Axes
 + Level 3.0 Armour
 + Level 2.2 Dodging


You had 3 spell levels left.
You didn't know any spells.
Your spell library was empty.

Dungeon Overview and Level Annotations

Branches:
Dungeon (2/15)

Altars:

Annotations:
D:2 Robin


Innate Abilities, Weirdness & Mutations

You are resistant to torment.
Your stone body is resilient. (AC +3)
You are immune to poison.
You resist negative energy. (rN+)
You are resistant to electric shocks. (rElec)
You can survive without breathing.
You are immune to petrification.
You are immune to rotting.


Message History

You hit the goblin. Robin barely misses you.
The goblin hits you but does no damage.
You closely miss Robin.
Robin is moderately wounded.
You miss the goblin. Robin hits you but does no damage. The goblin hits you.
Robin hits you with a +0 spear. The goblin hits you but does no damage.
You hit Robin.
Robin is heavily wounded.
You miss the goblin. Robin closely misses you.
The goblin hits you but does no damage. Robin hits you but does no damage.
The goblin hits you.
* * * LOW HITPOINT WARNING * * *
You hit Robin.
Robin is severely wounded.
You completely miss the goblin. Robin closely misses you. The goblin hits you.
* * * LOW HITPOINT WARNING * * *
You hit Robin.
Robin is severely wounded.
You hit the goblin. Robin closely misses you. The goblin hits you.
You die...

[## # #.# g# #.##g
##..g .^. #g# #g#
#g# .# #@# #.##
#g# ...# #)# ...#
#.# ##...## #.#
#.....##.
#.###........
########....÷....#
#.........##)....#
## ###
#.#######.##.....#


You could see Robin, a hobgoblin and 2 goblins.

Vanquished Creatures
  Jessica (D:2)
  An adder (D:2)
  A leopard gecko (D:1)
  A ball python (D:1)
  3 giant cockroaches
  10 goblins
  4 hobgoblins
  4 jackals (D:1)
  3 kobolds (D:1)
  2 bats (D:1)
  A frilled lizard (D:1)
  3 rats (D:1)
34 creatures vanquished.

Notes
Turn   | Place    | Note
-------+----------+-------------------------------------------
     0 | D:1      | Fang the Gargoyle Berserker began the quest for the Orb.
     0 | D:1      | Reached XP level 1. HP: 14/14 MP: 1/1
   303 | D:1      | Reached XP level 2. HP: 17/19 MP: 2/2
   666 | D:1      | Reached XP level 3. HP: 19/24 MP: 3/3
  1007 | D:2      | Noticed Jessica
  1012 | D:2      | Killed Jessica
  1079 | D:2      | Reached XP level 4. HP: 23/29 MP: 4/4
  1108 | D:2      | Noticed Robin
  1124 | D:2      | Reached ** piety under Trog
  1124 | D:2      | Reached skill level 4 in Fighting
  1141 | D:2      | Slain by a goblin

Levels and vault maps discovered:
D:1:      psy_arrival_conway, layout_loops_ring, minivault_11,
          minmay_misc_feat_encased
D:2:      layout_loops_ring, nicolae_overflow_crystal_walls, minitemple,
          uniq_natasha, uniq_jessica, uniq_robin

Skill      XL: |  1  2  3  4 |
---------------+-------------+-----
Dodging        | 2 |  2.2
Axes           | 3 |  3.2
Armour         | 3 |  3.0
Fighting       | 4 |  4.0

Action                   |  1- 3 |  4- 6 || total
-------------------------+-------+-------++-------
Melee: Hand axe          |    89 |    27 ||   116
       Unarmed           |     3 |       ||     3
Invok: Berserk           |       |     1 ||     1
  Eat: Chunk             |     1 |       ||     1
Armor: Animal skin       |    39 |     9 ||    48
Dodge: Dodged            |    49 |    16 ||    65
